General information
- name: BNet
- type: Ladder team game (AT/RT)
- host: Battle.net
- saver: PBM
map: MarketSquare
- players: 8
- length: 13:18
- speed: Fast
- version: 1.26 W3XP
- replay type: Public
» download(82 KB)
Players
team 1 (winner)
EatMyAss (
teal | 36 APM | 479 actions | 13:17)
4 Paladin
2 Holy Light
2 Divine Shield
» actions
| Assign group hotkey | 21 | |
| Basic commands | 52 | |
| Build / train | 68 | |
| Enter build submenu | 15 | |
| Enter hero's abilities submenu | 4 | |
| Remove unit from queue | 1 | |
| Right click | 62 | |
| Select / deselect | 90 | |
| Select group hotkey | 112 | |
| Use ability | 54 | |
479 total
» units
| Peasant | 26 | |
| Footman | 3 | |
| Gryphon Rider | 8 | |
| Siege Engine | 6 | |
43 total
» upgrades
| Defend | 1 | |
| Barrage | 1 | |
| Animal War Training | 1 | |
| Storm Hammers | 1 | |
4 total
» buildings
| Farm | 15 | |
| Barracks | 1 | |
| Altar of Kings | 1 | |
| Keep | 4 | |
| Town Hall | 1 | |
| Arcane Vault | 1 | |
| Lumber Mill | 1 | |
| Blacksmith | 1 | |
| Castle | 1 | |
| Gryphon Aviary | 2 | |
| Workshop | 1 | |
| Arcane Sanctum | 1 | |
30 total
» build order
00:22 Farm
00:36 Barracks
00:51 Altar of Kings
00:59 Farm
01:02 Farm
01:03 Farm
01:49 Farm
01:52 Farm
03:36 Keep
03:36 Keep
03:36 Keep
05:22 Town Hall
05:36 Arcane Vault
05:41 Lumber Mill
05:45 Blacksmith
06:05 Castle
07:47 Gryphon Aviary
07:50 Workshop
08:04 Gryphon Aviary
09:06 Farm
09:07 Farm
09:07 Farm
09:08 Farm
09:08 Farm
09:11 Farm
09:11 Farm
09:13 Farm
09:13 Farm
12:26 Arcane Sanctum
» items
| Lesser Clarity Potion | 1 | |
| Scroll of Regeneration | 1 | |
| Potion of Mana | 3 | |
| Scroll of Town Portal | 1 | |
6 total
PBM (
green | 83 APM | 1105 actions | 13:18)
5 Blood Mage
3 Flame Strike
2 Siphon Mana
» actions
| Assign group hotkey | 157 | |
| Basic commands | 19 | |
| Build / train | 43 | |
| Enter build submenu | 26 | |
| Enter hero's abilities submenu | 5 | |
| Remove unit from queue | 2 | |
| Right click | 519 | |
| Select / deselect | 207 | |
| Select group hotkey | 76 | |
| Use ability | 51 | |
1105 total
» units
| Peasant | 14 | |
| Footman | 6 | |
| Sorceress | 2 | |
22 total
» upgrades
| Defend | 1 | |
| Lumber Harvesting | 1 | |
| Sorceress Training | 1 | |
| Magic Sentry | 1 | |
4 total
» buildings
| Altar of Kings | 1 | |
| Barracks | 1 | |
| Farm | 6 | |
| Keep | 1 | |
| Lumber Mill | 1 | |
| Town Hall | 1 | |
| Arcane Vault | 2 | |
| Scout Tower | 10 | |
| Arcane Sanctum | 1 | |
| Arcane Tower | 1 | |
| Blacksmith | 1 | |
| Castle | 1 | |
| Guard Tower | 1 | |
28 total
» build order
00:57 Altar of Kings
00:59 Barracks
01:07 Farm
01:09 Farm
01:12 Farm
01:25 Farm
02:08 Farm
03:29 Keep
04:15 Lumber Mill
04:29 Town Hall
04:38 Arcane Vault
05:20 Farm
05:32 Scout Tower
07:13 Arcane Sanctum
07:47 Arcane Tower
08:04 Scout Tower
08:04 Scout Tower
08:05 Scout Tower
08:11 Scout Tower
08:12 Scout Tower
08:16 Arcane Vault
10:01 Blacksmith
10:40 Castle
12:05 Guard Tower
12:07 Scout Tower
12:07 Scout Tower
12:08 Scout Tower
12:08 Scout Tower
» items
| Scroll of Town Portal | 1 | |
| Boots of Speed | 1 | |
| Staff of Teleportation | 1 | |
| Potion of Invisibility | 1 | |
4 total
el_pana (
blue | 83 APM | 1110 actions | 13:17)
5 Keeper of the Grove
3 Force of Nature
1 Thorns Aura
1 Entangling Roots
» actions
| Assign group hotkey | 14 | |
| Basic commands | 59 | |
| Build / train | 54 | |
| ESC pressed | 8 | |
| Enter build submenu | 21 | |
| Enter hero's abilities submenu | 5 | |
| Right click | 308 | |
| Select / deselect | 206 | |
| Select group hotkey | 382 | |
| Use ability | 53 | |
1110 total
» units
| Wisp | 22 | |
| Archer | 9 | |
| Druid of the Talon | 5 | |
| Faerie Dragon | 1 | |
37 total
» upgrades
| Improved Bows | 1 | |
| Druid of the Talon Training | 1 | |
| Strength of the Moon | 1 | |
3 total
» buildings
| Altar of Elders | 1 | |
| Moon Well | 10 | |
| Ancient of War | 2 | |
| Ancient of Wonders | 1 | |
| Tree of Ages | 1 | |
| Ancient of Wind | 3 | |
| Tree of Eternity | 1 | |
| Hunter's Hall | 1 | |
20 total
» build order
00:14 Altar of Elders
00:18 Moon Well
00:27 Ancient of War
01:40 Moon Well
02:10 Ancient of Wonders
03:05 Tree of Ages
03:27 Ancient of War
04:08 Moon Well
04:33 Moon Well
05:32 Ancient of Wind
07:22 Ancient of Wind
07:23 Ancient of Wind
07:28 Moon Well
07:57 Moon Well
10:15 Moon Well
10:15 Moon Well
11:46 Tree of Eternity
11:58 Hunter's Hall
12:44 Moon Well
12:45 Moon Well
» items
| Potion of Healing | 3 | |
| Scroll of Town Portal | 1 | |
| Scroll of Healing | 1 | |
5 total
HeavyNubToCarry (
red | 49 APM | 648 actions | 13:17)
3 Archmage
2 Blizzard
1 Brilliance Aura
» actions
| Basic commands | 7 | |
| Build / train | 53 | |
| Enter build submenu | 18 | |
| Enter hero's abilities submenu | 3 | |
| Right click | 302 | |
| Select / deselect | 224 | |
| Use ability | 41 | |
648 total
» units
| Peasant | 11 | |
| Mortar Team | 11 | |
| Sorceress | 2 | |
| Priest | 4 | |
28 total
» upgrades
| Masonry | 1 | |
| Gunpowder | 3 | |
| Armor | 2 | |
| Sorceress Training | 1 | |
| Lumber Harvesting | 1 | |
| Magic Sentry | 1 | |
| Flare | 1 | |
| Fragmentation Shards | 1 | |
11 total
» buildings
| Altar of Kings | 1 | |
| Farm | 7 | |
| Lumber Mill | 1 | |
| Scout Tower | 4 | |
| Arcane Tower | 1 | |
| Guard Tower | 3 | |
| Keep | 1 | |
| Blacksmith | 1 | |
| Arcane Vault | 1 | |
| Workshop | 2 | |
| Arcane Sanctum | 1 | |
| Castle | 1 | |
24 total
» build order
00:08 Altar of Kings
00:29 Farm
00:58 Farm
01:29 Lumber Mill
01:32 Scout Tower
02:11 Arcane Tower
02:30 Scout Tower
02:51 Scout Tower
03:02 Guard Tower
03:09 Scout Tower
03:13 Farm
03:26 Guard Tower
03:46 Keep
03:47 Guard Tower
03:53 Farm
04:17 Blacksmith
04:44 Arcane Vault
05:06 Farm
05:07 Farm
06:27 Workshop
06:31 Workshop
06:36 Arcane Sanctum
07:32 Farm
10:34 Castle
» items
| Scroll of Regeneration | 3 | |
| Scroll of Town Portal | 1 | |
4 total
team 2 (loser)
bluemetalangel (
purple | 27 APM | 356 actions | 13:02)
2 Mountain King
1 Storm Bolt
1 Bash
» actions
| Basic commands | 3 | |
| Build / train | 33 | |
| Enter build submenu | 18 | |
| Enter hero's abilities submenu | 2 | |
| Right click | 167 | |
| Select / deselect | 103 | |
| Use ability | 30 | |
356 total
» units
| Peasant | 8 | |
| Footman | 11 | |
| Rifleman | 5 | |
24 total
» upgrades
» buildings
| Farm | 9 | |
| Altar of Kings | 1 | |
| Barracks | 2 | |
| Lumber Mill | 1 | |
| Scout Tower | 2 | |
| Guard Tower | 1 | |
| Blacksmith | 1 | |
| Arcane Vault | 1 | |
| Town Hall | 1 | |
19 total
» build order
00:11 Farm
00:20 Altar of Kings
00:41 Barracks
00:58 Farm
01:10 Lumber Mill
01:54 Farm
02:35 Scout Tower
03:04 Farm
03:27 Guard Tower
03:35 Farm
03:44 Farm
03:58 Barracks
04:19 Blacksmith
04:26 Farm
05:09 Farm
07:59 Scout Tower
08:11 Arcane Vault
09:24 Farm
12:19 Town Hall
» items
wah-wah-wah-wah (
yellow | 75 APM | 228 actions | 03:03)
1 Blademaster
1 Wind Walk
» actions
| Assign group hotkey | 6 | |
| Build / train | 11 | |
| Enter build submenu | 4 | |
| Enter hero's abilities submenu | 1 | |
| Right click | 121 | |
| Select / deselect | 34 | |
| Select group hotkey | 41 | |
| Use ability | 10 | |
228 total
» units
» buildings
| Altar of Storms | 1 | |
| Orc Burrow | 2 | |
| Barracks | 1 | |
4 total
» build order
00:08 Altar of Storms
00:18 Orc Burrow
00:37 Barracks
01:25 Orc Burrow
New_new (
pink | 34 APM | 433 actions | 12:53)
3 Dark Ranger
2 Black Arrow
1 Silence
» actions
| Assign group hotkey | 8 | |
| Build / train | 45 | |
| Enter build submenu | 15 | |
| Enter hero's abilities submenu | 3 | |
| Remove unit from queue | 1 | |
| Right click | 173 | |
| Select / deselect | 113 | |
| Select group hotkey | 57 | |
| Use ability | 18 | |
433 total
» units
| Acolyte | 3 | |
| Ghoul | 14 | |
| Grunt | 1 | |
| Gargoyle | 9 | |
27 total
» upgrades
| Unholy Armor | 2 | |
| Unholy Strength | 1 | |
| Creature Attack | 1 | |
4 total
» buildings
| Ziggurat | 8 | |
| Crypt | 1 | |
| Altar of Darkness | 1 | |
| Graveyard | 1 | |
| Halls of the Dead | 1 | |
| Nerubian Tower | 6 | |
| Tomb of Relics | 1 | |
19 total
» build order
00:20 Ziggurat
00:23 Crypt
01:08 Altar of Darkness
01:20 Ziggurat
02:13 Graveyard
03:29 Halls of the Dead
03:39 Ziggurat
04:31 Nerubian Tower
04:42 Ziggurat
07:14 Nerubian Tower
07:22 Tomb of Relics
07:44 Nerubian Tower
07:48 Ziggurat
08:50 Ziggurat
08:54 Ziggurat
08:55 Nerubian Tower
10:58 Nerubian Tower
11:00 Nerubian Tower
11:05 Ziggurat
Jeswick (
orange | 44 APM | 582 actions | 13:16)
2 Archmage
1 Summon Water Elemental
1 Brilliance Aura
» actions
| Build / train | 43 | |
| Enter build submenu | 27 | |
| Enter hero's abilities submenu | 2 | |
| Right click | 322 | |
| Select / deselect | 154 | |
| Use ability | 34 | |
582 total
» units
| Peasant | 3 | |
| Footman | 4 | |
| Troll Headhunter/Berserker | 5 | |
| Rifleman | 6 | |
| Wind Rider | 2 | |
| Mortar Team | 2 | |
22 total
» upgrades
| Defend | 1 | |
| Gunpowder | 1 | |
| Masonry | 2 | |
| Spiked Barricades | 2 | |
| Lumber Harvesting | 1 | |
| Long Rifles | 1 | |
| Magic Sentry | 1 | |
| Troll Regeneration | 1 | |
| Ranged Weapons | 1 | |
| Flare | 1 | |
12 total
» buildings
| Altar of Kings | 1 | |
| Barracks | 1 | |
| Farm | 5 | |
| Lumber Mill | 1 | |
| Scout Tower | 4 | |
| Guard Tower | 4 | |
| War Mill | 1 | |
| Blacksmith | 1 | |
| Orc Burrow | 1 | |
| Watch Tower | 4 | |
| Keep | 1 | |
| Stronghold | 1 | |
| Arcane Sanctum | 1 | |
| Beastiary | 1 | |
| Workshop | 1 | |
| Voodoo Lounge | 1 | |
29 total
» build order
00:10 Altar of Kings
00:14 Barracks
00:23 Farm
01:08 Lumber Mill
01:28 Scout Tower
01:38 Farm
02:15 Guard Tower
02:26 Farm
02:30 Scout Tower
03:04 Guard Tower
03:38 War Mill
04:16 Blacksmith
04:44 Orc Burrow
05:03 Watch Tower
05:15 Keep
05:46 Scout Tower
05:57 Stronghold
06:02 Watch Tower
06:21 Watch Tower
07:01 Guard Tower
07:26 Watch Tower
07:38 Farm
07:53 Arcane Sanctum
09:31 Beastiary
09:56 Workshop
10:38 Voodoo Lounge
11:27 Scout Tower
11:53 Farm
12:19 Guard Tower
Chat log
(00:46 / Allies) el_pana: plan??
(01:03 / Allies) el_pana: archers to hippos
(01:16 / Allies) EatMyAss: foot gryph
(02:17 / Allies) el_pana: b
(03:36 / Allies) PBM: wtf teal
(03:49 / Allies) PBM: I was already heading there
(03:55 / Allies) EatMyAss: you can have
(07:03 / All) PBM: hAHAHAHAHA
(07:04 / All) PBM: RETARD
(07:16 / All) PBM: nice hero focus
(07:32 / All) bluemetalangel: YOUR MOTHERS UNDER MY DESK, HARD TO CONCENTRATE FAGGOT
(07:59 / Allies) el_pana: ty
(11:57 / All) PBM: focus me
(12:19 / All) PBM: you guys are good
(12:46 / All) bluemetalangel: the CDC told us to, you're the biggest AIDS carrier loose in the world
(12:55 / All) PBM: GOOD ONE
(12:58 / All) bluemetalangel: we have to stop you or the human race is doomed
(13:07 / All) PBM: guess the human race is doomed
(13:11 / All) PBM: these clowns ain't stopping anyone